 Dungeon Crawl Stone Soup version 0.30-a0-639-g3916f1956a (webtiles) character file.

Game seed: 5366010147324835020

1824 sokol815 the Frost Mage (level 9, -2/51 HPs)
             Began as an Octopode Earth Elementalist on Jan 15, 2023.
             Hit by a stone thrown by a wight (4 damage)
             ... on level 6 of the Dungeon.
             The game lasted 00:15:23 (7101 turns).

sokol815 the Frost Mage (OpEE)                      Turns: 7101, Time: 00:15:23

Health: -2/51      AC:  3    Str:  7    XL:     9   Next: 11%
Magic:  7/15       EV: 13    Int: 21    God:
Gold:   263        SH:  5    Dex: 13    Spells: 2/16 levels left

rFire   . . .      SeeInvis .    a - +4 dagger (venom)
rCold   . . .      Faith    .    (no shield)
rNeg    . . .      Spirit   .    o - +2 hat
rPois   .          Reflect  +    c - amulet of reflection
rElec   .          Harm     .    e - ring of flight {+Fly, !d}
rCorr   .          Rampage  .    (no ring)
Will    .....                    (no ring)
Stlth   +++                      (no ring)
HPRegen 0.28/turn                (no ring)
MPRegen 0.14/turn                (no ring)
                                 (no ring)
                                 (no ring)

@: mighty, flying, very slightly contaminated
A: almost no armour, amphibious, 8 rings, camouflage 1, gelatinous body 1,
(nimble swimmer 1), tentacles
a: no special abilities


You were on level 6 of the Dungeon.
You visited 1 branch of the dungeon, and saw 6 of its levels.
You also visited: Sewer.

You collected 263 gold pieces.

Inventory:

Hand Weapons
 a - a +4 dagger of venom (weapon)
   (You took it off a kobold on level 2 of the Dungeon)
 h - a +0 rapier
   (You took it off an orc priest on level 5 of the Dungeon)
 k - a +1 dagger
   (You took it off a kobold on level 1 of the Dungeon)
 u - a +2 spear
   (You took it off a wight on level 6 of the Dungeon)
Missiles
 l - 9 boomerangs
 n - 16 poisoned darts
 s - 68 stones
Armour
 f - a +0 kite shield
   (You found it on level 1 of the Dungeon)
 i - an orb of guile
   (You found it on level 1 of the Dungeon)
 o - a +2 hat (worn)
   (You found it on level 2 of the Dungeon)
Jewellery
 c - an amulet of reflection (around mantle)
   (You found it on level 1 of the Dungeon)
 e - a ring of flight (left tentacle) {+Fly, !d}
   (You found it on level 3 of the Dungeon)
 q - an amulet of the acrobat
   (You found it on level 5 of the Dungeon)
Wands
 p - a wand of paralysis (11)
   (You found it on level 5 of the Dungeon)
Scrolls
 m - 4 scrolls of amnesia
 r - a scroll of fog
 X - a scroll of magic mapping {@r4!r}
 Y - 4 scrolls of teleportation {@r3}
Potions
 b - a potion of degeneration {unknown}
 d - 4 potions of magic
 g - a potion of ambrosia {unknown}
 j - 2 potions of attraction {unknown}
 t - a potion of cancellation {unknown}
 I - a potion of invisibility
 J - a potion of curing {@q1}
 M - a potion of might
 N - a potion of heal wounds {@q2}
 P - 3 potions of lignification {!q}


   Skills:
 - Level 2.0 Dodging
 - Level 2.6 Stealth
 - Level 4.0 Spellcasting
 - Level 1.0 Transmutations
 * Level 10.3 Ice Magic
 - Level 4.1 Earth Magic


You had 2 spell levels left.
You knew the following spells:

 Your Spells              Type           Power      Damage    Failure   Level
a - Sandblast             Erth           42%        2d11      2%          1
b - Ozocubu's Refrigerat  Ice            23%        4d12      82%         7
x - Stone Arrow           Conj/Erth      24%        3d8       16%         3
A - Ozocubu's Armour      Ice            47%        N/A       1%          3

Your spell library contained the following spells:

 Spells                   Type           Power      Damage    Failure   Level
 Passwall                 Tmut/Erth      12%        N/A       6%          2
 Magic Dart               Conj           16%        1d3       12%         1
 Scorch                   Fire           8%         2d5       19%         2
 Searing Ray              Conj           8%         2d4       19%         2
 Vhi's Electric Charge    Tloc/Air       8%         N/A       34%         3
 Petrify                  Tmut/Erth      15%        N/A       38%         4
 Flame Wave               Conj/Fire      4%         2d5       75%         4
 Fulminant Prism          Conj/Hex       2%         3d5       75%         4
 Arcjolt                  Conj/Air       2%         1d12      97%         5
 Summon Cactus Giant      Summ           2%         N/A       100%        6
 Maxwell's Capacitive Co  Air            2%         ∞         100%        8


Dungeon Overview and Level Annotations

Branches:
Dungeon (6/15) Zot: 26408   Sewer (visited)
 Temple: D:4-7

Altars:
Dithmenos
Hepliaklqana
Makhleb
Trog
Uskayaw
Yredelemnul

Shops:
D:3 *   D:4 =

Annotations:
D:3 3 runed translucent doors, wormed's ghost, amateur OpTm


Innate Abilities, Weirdness & Mutations

You cannot wear most types of armour.
You are amphibious.
You can wear up to eight rings at the same time.
Your skin changes colour to match your surroundings (Stealth+).
Your rubbery body absorbs attacks. (AC +1, EV +1)
((You are camouflaged when in or above water. (Stealth+)))
You have tentacles for arms and can constrict up to eight enemies at once.


Message History

n - 16 poisoned darts (gained 7)
Things that are here:
a +0 whip; a kobold corpse
s - 60 stones (gained 2)
Things that are here:
a +0 dagger; a +0 dagger; a kobold corpse You see here a +0 dagger.
s - 68 stones (gained 8)
Things that are here:
a +0 club; a kobold corpse A wight is nearby!
A bullfrog and a wight come into view.
The blast of sand hits the bullfrog!
The bullfrog gives a loud, deep croak!
You now have 14/15 mp.
The bullfrog closely misses you. The bullfrog hits you.
You take 5 damage, and have 46/51 hp.
The bullfrog attacks as you move away! You block the bullfrog's attack.
The bullfrog hits you.
You take 3 damage, and have 43/51 hp.
Things that are here:
a +0 dagger; a +0 dagger; a kobold corpse MP restored: 15 The bullfrog hits you.
You take 1 damage, and have 43/51 hp.
The bullfrog attacks as you move away! The bullfrog closely misses you.
The bullfrog barely misses you. The bullfrog hits you.
You take 6 damage, and have 38/51 hp.
The bullfrog attacks as you move away! You block the bullfrog's attack.
You hit the bullfrog. Your grab misses the bullfrog. The bullfrog hits you.
You block the bullfrog's attack.
You take 4 damage, and have 34/51 hp.
You hit the bullfrog.
You kill the bullfrog!
Your Ice Magic skill increases to level 10!
You feel very mighty all of a sudden. You block the wight's attack.
You completely miss the wight. Your grab misses the wight.
You block the wight's attack. A film of ice covers your body!
The wight barely misses you.
You now have 12/15 mp.
You closely miss the wight. Your grab misses the wight. You squeeze the wight.
The wight hits you with a +3 great sword!!
You feel drained.
You take 20 damage, and have 15/49 hp.
MASSIVE DAMAGE!!
You puncture the wight!
You destroy the wight!
Your life force feels restored.
You puncture the wight! Your grab misses the wight.
You block the wight's attack.
You puncture the wight!
You destroy the wight!
The wight throws a stone.
The stone closely misses you.
Aim: a wight, wielding a +2 spear, wearing a +0 robe and quivering stones (83% to hit)
The blast of sand hits the wight!
The wight throws a stone.
The stone hits you.
* * * LOW HITPOINT WARNING * * *
You take 2 damage, and have 14/51 hp.
Aim: a wight, wielding a +2 spear, wearing a +0 robe and quivering stones (heavily damaged, 83% to hit)
The blast of sand hits the wight but does no damage.
The wight throws a stone.
The stone hits you.
* * * LOW HITPOINT WARNING * * *
You block the wight's attack.
You now have 11/15 mp.
Aim: a wight, wielding a +2 spear, wearing a +0 robe and quivering stones (heavily damaged, 83% to hit)
The blast of sand hits the wight.
You block the wight's attack.
You now have 10/15 mp.
Aim: a wight, wielding a +2 spear, wearing a +0 robe and quivering stones (severely damaged, 83% to hit)
The blast of sand hits the wight.
The wight throws a stone.
The stone hits you.
* * * LOW HITPOINT WARNING * * *
The wight throws a stone.
The stone completely misses you.
You take 3 damage, and have 11/51 hp.
You now have 9/15 mp.
Aim: a wight, wielding a +2 spear, wearing a +0 robe and quivering stones (severely damaged, 83% to hit)
You miscast Sandblast.
You are very lightly contaminated with residual magic.
Nothing appears to happen.
The wight throws a stone.
The stone hits you.
* * * LOW HITPOINT WARNING * * *
You take 5 damage, and have 6/51 hp.
You now have 8/15 mp.
Aim: a wight, wielding a +2 spear, wearing a +0 robe and quivering stones (severely damaged, 83% to hit)
The blast of sand misses the wight.
The blast of sand hits the wight.
The wight throws a stone.
The stone hits you.
* * * LOW HITPOINT WARNING * * *
You take 4 damage, and have 2/51 hp.
You now have 7/15 mp.
Aim: a wight, wielding a +2 spear, wearing a +0 robe and quivering stones (severely damaged, 83% to hit)
The blast of sand misses the wight.
The blast of sand hits the wight.
The wight hits you from afar with a +2 spear.
* * * LOW HITPOINT WARNING * * *
The wight throws a stone.
The stone misses you.
You take 1 damage, and have 1/51 hp.
Your icy armour will break if you move.
Continue?
Your icy armour cracks and falls away as you move.
The wight throws a stone.
The stone barely misses you.
The wight throws a stone.
The stone hits you.
You die...

#............)##.#.##.###.#.#
##...........).##.#........#.#
.'........z.z)........>##..#.#
##....$.........#z#....##..#.#
#..............#z#.#......#.#
.....##########+#.#.#..###.#.#
.....
#..........#.#........### ....
#..........#.#...#....... ...
#.......@..#.#...####.### ...
#..........#..)........##
#..........####..####.###
#..........#......# #.# #
#..........#.##.### #.# #
#.........##)##.# #.# #
#...........[.#.# #.# #
#.............#.# #.# #
#.............#.# #


You could see 2 wights.

Vanquished Creatures
  A wraith (D:5)
  Menkaure (D:4)
  An ice beast (D:6)
  A black bear (D:6)
  A kobold brigand (D:6)
  3 bullfrogs
  A necrophage (D:5)
  2 scorpions (D:4)
  3 wights (D:6)
  A jelly (D:5)
  2 hounds (D:5)
  3 orc priests (D:5)
  A gnoll bouda (D:5)
  2 iguanas
  2 orc wizards
  24 adders
  5 gnolls (D:5)
  4 river rats
  A white imp (D:5)
  8 worms
  2 dart slugs (D:2)
  14 orcs
  2 bats
  6 endoplasms
  3 giant cockroaches (D:2)
  11 hobgoblins
  A jackal (D:1)
  4 quokkas
  17 ball pythons
  9 frilled lizards
  8 goblins
  15 kobolds
  19 rats
178 creatures vanquished.

Vanquished Creatures (others)
  6 fungi
  3 plants (D:2)
9 creatures vanquished.

Grand Total: 187 creatures vanquished

Notes
Turn   | Place    | Note
-------+----------+-------------------------------------------
     0 | D:1      | sokol815 the Octopode Earth Elementalist began the quest
                  | for the Orb.
     0 | D:1      | Reached XP level 1. HP: 11/11 MP: 3/3
   221 | D:1      | Reached XP level 2. HP: 15/17 MP: 1/5
   979 | D:2      | Reached XP level 3. HP: 20/21 MP: 2/6
  1072 | D:2      | Reached skill level 4 in Earth Magic
  1133 | D:2      | Found a burning altar of Makhleb.
  1326 | D:2      | Learned a level 3 spell: Ozocubu's Armour
  1533 | D:2      | Reached XP level 4. HP: 17/27 MP: 3/8
  1630 | D:2      | Reached skill level 3 in Spellcasting
  2044 | D:2      | Found a faded altar of an unknown god.
  2165 | D:3      | Reached skill level 1 in Ice Magic
  2182 | D:3      | Found a runed translucent gate.
  2182 | D:3      | Noticed wormed's ghost (amateur OpTm)
  2183 | D:3      | Found a runed translucent gate.
  2184 | D:3      | Found a runed translucent gate.
  2314 | D:3      | Reached XP level 5. HP: 25/31 MP: 8/10
  2366 | D:3      | Found a glowing drain.
  2373 | Sewer    | Entered a sewer
  2396 | Sewer    | Reached skill level 4 in Spellcasting
  2396 | Sewer    | Reached skill level 2 in Ice Magic
  2634 | Sewer    | Reached XP level 6. HP: 36/36 MP: 9/12
  2663 | Sewer    | Reached skill level 3 in Ice Magic
  2733 | Sewer    | HP: 7/36 [river rat (5)]
  3002 | Sewer    | HP: 9/36 [poisoned by an adder]
  3145 | Sewer    | Reached skill level 4 in Ice Magic
  3220 | Sewer    | Reached XP level 7. HP: 37/41 MP: 10/13
  3726 | D:3      | Found Bieggexa's General Store.
  3911 | D:4      | Reached skill level 5 in Ice Magic
  3929 | D:4      | Found a burning altar of Makhleb.
  3938 | D:4      | Learned a level 7 spell: Ozocubu's Refrigeration
  3938 | D:4      | Found a shadowy altar of Dithmenos.
  4180 | D:4      | Noticed Menkaure
  4308 | D:4      | Found Umat's Jewellery Boutique.
  4416 | D:4      | Reached skill level 6 in Ice Magic
  4492 | D:4      | Found a hide-covered altar of Uskayaw.
  4574 | D:4      | Found a basalt altar of Yredelemnul.
  4865 | D:5      | Entered Level 5 of the Dungeon
  5177 | D:5      | Reached skill level 7 in Ice Magic
  5184 | D:5      | Reached XP level 8. HP: 46/46 MP: 5/14
  5304 | D:5      | Found a bloodstained altar of Trog.
  5357 | D:5      | Found a hazy altar of Hepliaklqana.
  5482 | D:5      | Noticed a wraith
  5506 | D:5      | HP: 9/46 [wraith (7)]
  5506 | D:5      | HP: 3/46 [wraith (6)]
  5512 | D:5      | Killed a wraith
  5513 | D:5      | Reached skill level 8 in Ice Magic
  6576 | D:6      | HP: 3/46 [ice beast (13)]
  6603 | D:6      | Reached skill level 9 in Ice Magic
  6726 | D:5      | Learned a level 3 spell: Stone Arrow
  6799 | D:4      | Killed Menkaure
  7007 | D:6      | Reached XP level 9. HP: 43/51 MP: 12/15
  7085 | D:6      | Reached skill level 10 in Ice Magic
  7095 | D:6      | HP: 11/51 [wight/stone (4)]
  7097 | D:6      | HP: 2/51 [wight/stone (4)]
  7101 | D:6      | Hit by a stone thrown by a wight

Illustrated notes

Levels and vault maps discovered:
D:1:      sevenhm_arrival_forest_fort_small_3, layout_basic, solitary_fountain,
          minmay_tromino_v4_a
D:2:      layout_loops_ring, dreamdust_ecumenical_altar_hidden_monk_grotto,
          basic_altar, kennysheep_another_room
D:3:      layout_basic, lightli_sewer_entry_pipes, biasface_ghost_orc_armoury,
          serial_shops, nicolae_lakefront_shop
D:4:      layout_loops_ring, lemuel_coloured_pillars_altar,
          mainiacjoe_overflow_small_starburst, nicolae_overflow_two_pavilions,
          nicolae_stop_n_shop_2, dreamdust_mushroom_princess, uniq_menkaure
D:5:      layout_basic, worldfamousw_hep_ancestral_shrine,
          nicolae_overflow_crystal_walls, skrybe_limestone_x
D:6:      layout_basic, lemuel_round_altar

Skill      XL: |  1  2  3  4  5  6  7  8  9 |
---------------+----------------------------+-----
Earth Magic    | 4 |  4.1
Spellcasting   | 3 4 |  4.0
Ice Magic      | 1 2 4 7 9 10 | 10.3
Dodging        | |  2.0
Stealth        | |  2.6
Transmutations | |  1.0

Action                   |  1- 3 |  4- 6 |  7- 9 || total
-------------------------+-------+-------+-------++-------
Melee: Dagger            |    20 |    48 |    84 ||   152
       Unarmed           |     5 |       |       ||     5
       Constrict         |     9 |    14 |     9 ||    32
       Tentacles         |     6 |    13 |    16 ||    35
       Punch             |       |     2 |     2 ||     4
 Cast: Sandblast         |    42 |    65 |   129 ||   236
       Ozocubu's Armour  |       |       |     4 ||     4
  Use: Scroll            |     1 |     9 |    10 ||    20
       Potion            |       |     2 |     5 ||     7
 Stab: Sleeping          |       |     7 |       ||     7
       Distracted        |       |       |     1 ||     1
Armor: Skin              |     2 |    13 |    15 ||    30
Dodge: Dodged            |    15 |    46 |    77 ||   138
Block: Other             |     4 |    18 |    32 ||    54
       Reflection        |     1 |       |       ||     1

Table legend: (Time is in decaauts)
 A = Elapsed time spent in this place.
 B = Non-inter-level travel time spent in this place.
 C = Inter-level travel time spent in this place.
 D = Time resting spent in this place.
 E = Time spent auto-exploring this place.
 F = Levels seen in this place.
 G = Mean time per level.
                   A        B        C        D        E       F      G
               +--------+--------+--------+--------+--------+-----+--------+
         Total |   7228 |   6875 |    353 |    938 |   4709 |   7 | 1032.6 |
       Dungeon |   6238 |   5885 |    353 |    503 |   4373 |   6 | 1039.7 |
         Sewer |    990 |    990 |      0 |    435 |    336 |   1 |  990.0 |
               +--------+--------+--------+--------+--------+-----+--------+

Top non-repeatable levels by time:
     D:5: 1705 daAuts
     D:4: 1131 daAuts
     D:2: 1117 daAuts
   Sewer: 990 daAuts
     D:1: 978 daAuts
     D:3: 859 daAuts
     D:6: 446 daAuts

Table legend:
 A = Kills in this place as a percentage of kills in entire the game.
 B = Kills by you in this place as a percentage of kills by you in the entire game.
 C = Kills by friends in this place as a percentage of kills by friends in the entire game.
 D = Other kills in this place as a percentage of other kills in the entire game.
 E = Experience gained in this place as a percentage of experience gained in the entire game.
 F = Experience gained in this place divided by the number of levels of this place that you have seen.
                   A       B       C       D       E      F
               +-------+-------+-------+-------+-------+----------------------
         Total | 100.0 | 100.0 |   N/A |   N/A | 100.0 | 372.3
       Dungeon |  73.0 |  73.0 |   N/A |   N/A |  85.3 | 370.3
         Sewer |  27.0 |  27.0 |   N/A |   N/A |  14.7 | 384.0
               +-------+-------+-------+-------+-------+----------------------
